AoeStats
← eugenioragni1

Arena

509857661Analyzed
3v3 RM · 2d ago on Sep 28, 2026· 54m 57s· 6 players
Game mode
Random Map
Map size
Normal (6 player)
Population
200
Speed
Normal
Resources
Standard
Victory
Conquest
Starting age
Dark Age
Ending age
Imperial Age
RankedLock teamsTeams togetherTeam positionsShared explorationLock speedFull tech treeHidden civsTurbo modeCheats
Victory
Defeat
🇫🇷 Britons · France
876
+13
🇨🇳 Varangians · China
852
+14
🇮🇹 Khitans · Italy
820
+15
🇸🇬 Turks · Singapore
844
-15
🇦🇺 Bohemians · Australia
793
-27
🇨🇳 Romans · China
782
-13
Goup
11:42 Feudal Age
17:57 Castle Age
21:56 Town Watch
22:27 Loom
28:07 Imperial Age
26:18 Wheelbarrow
25:40 Horse Collar
27:19 Fletching
27:30 Padded Archer Armor
29:00 Double-Bit Axe
29:41 Heavy Plow
30:21 Conscription
30:07 Murder Holes
31:12 Bow Saw
32:41 Chemistry
32:24 Hand Cart
33:46 Bodkin Arrow
34:07 Leather Archer Armor
37:14 Yeomen
38:48 Gold Mining
38:21 Elite Longbowman
42:50 Bracer
43:21 Ring Archer Armor
45:45 Gold Shaft Mining
46:56 Town Patrol
48:05 Two-Man Saw
46:58 Stone Mining
GTX-5090
4:54 Loom
10:59 Feudal Age
12:23 Wheelbarrow
11:35 Double-Bit Axe
11:30 Horse Collar
15:03 Town Watch
19:09 Castle Age
18:58 Scale Barding Armor
19:03 Forging
18:54 Gold Mining
18:59 Stone Mining
19:52 Bloodlines
20:20 Husbandry
28:06 Hand Cart
29:54 Fortified Wall
29:56 Masonry
30:57 Ballistics
30:18 Treadmill Crane
32:17 Bow Saw
32:16 Heavy Plow
32:39 Herbal Medicine
37:37 Imperial Age
35:23 Fervor
35:14 Devotion
36:00 Town Patrol
36:45 Stone Shaft Mining
37:41 Iron Casting
37:27 Chain Barding Armor
36:57 Fletching
37:08 Murder Holes
38:01 Vendel Legacy
39:02 Conscription
38:06 Cavalier
38:33 Arson
38:49 Squires
38:34 Gambesons
38:15 Gothikon
39:59 Architecture
39:37 Scale Mail Armor
40:38 Blast Furnace
40:31 Plate Barding Armor
40:24 Elite Jarl
42:03 Crop Rotation
42:36 Two-Man Saw
44:02 Bodkin Arrow
44:09 Padded Archer Armor
43:46 Light Cavalry
45:56 Bracer
46:11 Chain Mail Armor
48:20 Elite Varangian Guard
49:34 Hussar
53:29 Plate Mail Armor
eugenioragni1
10:56 Feudal Age
14:02 Domestication
17:42 Castle Age
784f22fd
10:26 Feudal Age
8:43 Loom
14:22 Castle Age
12:48 Double-Bit Axe
31:26 Horse Collar
40:13 Heavy Plow
40:28 Bow Saw
40:35 Gold Mining
40:36 Stone Mining
41:21 Squires
44:05 Imperial Age
42:12 Forging
42:04 Scale Mail Armor
44:00 Iron Casting
44:15 Wheelbarrow
43:33 Pikeman
43:37 Man-at-Arms
44:30 Halberdier
44:32 Long Swordsman
45:42 Conscription
45:43 Comitatenses
45:53 Legionary
48:55 Blast Furnace
48:01 Scale Barding Armor
48:14 Chain Mail Armor
King JC1524
13:50 Feudal Age
18:18 Castle Age
16:28 Stone Mining
16:26 Double-Bit Axe
16:23 Horse Collar
16:37 Gold Mining
31:37 Imperial Age
36:10 Conscription
37:37 Heavy Plow
39:14 Husbandry
39:25 Bloodlines
40:10 Wheelbarrow
39:57 Elite Janissary
Crush
1:36 Loom
10:34 Feudal Age
15:17 Castle Age
14:07 Double-Bit Axe
27:01 Wheelbarrow
26:41 Scale Barding Armor
27:20 Pikeman
28:01 Squires
29:06 Scale Mail Armor
31:47 Chain Mail Armor
31:45 Forging
31:37 Padded Archer Armor
32:00 Chain Barding Armor
32:30 Fletching
35:50 Imperial Age
34:07 Husbandry
35:37 Chemistry
34:50 Fortified Wall
34:43 Padded Archer Armor
35:19 Iron Casting
34:34 Fletching
35:51 Bow Saw
37:16 Guilds
37:42 Coinage
36:48 Elite Skirmisher
38:00 Plate Mail Armor
37:46 Leather Archer Armor
39:16 Cavalier
41:19 Two-Man Saw
40:13 Halberdier
43:33 Banking
46:01 Ring Archer Armor
45:26 Bodkin Arrow
45:53 Chain Barding Armor
46:33 Blast Furnace
48:59 Conscription
48:59 Bracer
50:36 Elite Hussite Wagon
Connection lost

Rejoining the realm…

Still unreachable

The connection could not be restored.

Session expired

The server has moved on; the page needs a fresh start.